 Dungeon Crawl Stone Soup version 0.30-a0-630-g881e3bac89 (webtiles) character file.

Game seed: 7512886060136441812

225 Bnni the Sneak (level 6, 0/24 (32) HPs)
             Began as a Vine Stalker Brigand on Jan 13, 2023.
             Slain by Natasha (6 damage)
             ... on level 4 of the Dungeon.
             The game lasted 00:04:25 (2972 turns).

Bnni the Sneak (Vine Stalker Brigand)               Turns: 2972, Time: 00:04:26

HP:   0/24 (32)     AC: 12    Str: 14    XL:     6   Next: 1%
MP:   0/7           EV:  3    Int: 23    God:
Gold: 178           SH:  4    Dex: 17    Spells: 5/5 levels left

rFire   . . .      SeeInvis .    i - +2 dagger (vamp)
rCold   . . .      Faith    .    s - +0 buckler
rNeg    . . .      Spirit   +    w - +0 plate armour
rPois   .          Reflect  .    z - +0 helmet
rElec   .          Harm     .    c - +0 cloak
rCorr   .          Rampage  .    (no gloves)
Will    .....                    (no boots) Stlth
                                 (no amulet)
HPRegen 1.04/turn                r - +6 ring of intelligence
MPRegen 0.10/turn                v - +6 ring of intelligence

@: slowed, very heavily drained, very slow
A: fangs 2, regeneration 1, magic shield, antimagic bite, no potion heal 2
a: no special abilities


You were on level 4 of the Dungeon.
You visited 1 branch of the dungeon, and saw 4 of its levels.

You collected 178 gold pieces.

Inventory:

Hand Weapons
 i - a +2 vampiric dagger (weapon)
Missiles
 d - 21 poisoned darts (quivered)
 e - 3 curare-tipped darts
 D - a throwing net
Armour
 a - a +2 robe of resistance
 c - a +0 cloak (worn)
 s - a +0 buckler (worn)
 w - a +0 plate armour (worn)
 z - a +0 helmet (worn)
Jewellery
 r - a +6 ring of intelligence (left hand)
 v - a +6 ring of intelligence (right hand)
 y - a ring of willpower
Wands
 B - a wand of flame (17)
Scrolls
 b - 2 scrolls of teleportation {unknown}
 f - 2 scrolls of poison {unknown}
 j - 3 scrolls of blinking {unknown}
 l - a scroll of magic mapping {unknown}
 m - a scroll of noise {unknown}
 q - a scroll of enchant weapon {unknown}
 t - 5 scrolls of identify {unknown}
 x - 2 scrolls of amnesia {unknown}
Potions
 g - 2 potions of degeneration {unknown}
 h - a potion of attraction {unknown}
 k - a potion of magic {unknown}
 n - a potion of might {unknown}
 o - a potion of haste {unknown}
 p - a potion of brilliance {unknown}
 u - 2 potions of flight {unknown}
 A - a potion of lignification {unknown}
 C - a potion of curing {unknown}


   Skills:
 + Level 3.2 Fighting
 * Level 4.3 Short Blades
 - Level 1.7 Throwing
 - Level 0.7 Dodging
 - Level 4.8 Stealth
 + Level 1.5 Shields


You had 5 spell levels left.
You didn't know any spells.
Your spell library contained the following spells:

 Spells                   Type           Power      Damage    Failure   Level
 Apportation              Tloc           0%         N/A       100%        1
 Necrotise                Necr           0%         1d4       100%        1
 Summon Small Mammal      Summ           0%         N/A       100%        1
 Blink                    Tloc           0%         N/A       100%        2
 Call Canine Familiar     Summ           0%         N/A       100%        3
 Ignite Poison            Fire/Tmut/Pois 0%         N/A       100%        3
 Portal Projectile        Hex/Tloc       0%         N/A       100%        3
 Leda's Liquefaction      Hex/Erth       0%         N/A       100%        4
 Manifold Assault         Tloc           0%         N/A       100%        4
 Sticky Flame             Conj/Fire      0%         2d3       100%        4
 Storm Form               Tmut/Air       0%         N/A       100%        7
 Ignition                 Fire           0%         3d3       100%        8
 Chain Lightning          Conj/Air       0%         N/A       100%        9
 Fire Storm               Conj/Fire      0%         5d1       100%        9
 Shatter                  Erth           0%         3d5*      100%        9


Dungeon Overview and Level Annotations

Branches:
Dungeon (4/15)
 Temple: D:4-7

Altars:
Dithmenos
Makhleb
Sif Muna
Xom
Yredelemnul

Annotations:
D:4 Natasha


Innate Abilities, Weirdness & Mutations

You have extremely sharp teeth.
Your natural rate of healing is unusually fast.
When hurt, damage is shared between your health and your magic reserves.
Your bite disrupts and absorbs the magic of your enemies.
Potions cannot restore your health.


Message History

You hit the iguana. You bite the iguana, but do no damage.
The iguana is moderately wounded.
The iguana bites you but does no damage.
You hit the iguana. You bite the iguana, but do no damage.
The iguana is severely wounded.
The iguana bites you.
You barely miss the iguana. You bite the iguana, but do no damage.
The iguana is severely wounded.
The iguana barely misses you. Natasha casts a spell at you.
The magic dart hits you.
You closely miss the iguana. You bite the iguana, but do no damage.
The iguana is severely wounded.
You block the iguana's attack.
You hit the iguana but do no damage. Your bite misses the iguana.
The iguana is severely wounded.
Natasha claws you but does no damage. You block the iguana's attack.
You hit the iguana but do no damage.
The iguana is severely wounded.
You block Natasha's attack.
You hit the iguana.
You feel better.
Your bite misses the iguana.
The iguana is almost dead.
The iguana bites you!
Natasha mumbles some strange words.
The crimson imp hits you but does no damage.
You hit the iguana but do no damage.
The iguana is almost dead.
The iguana bites you! Natasha completely misses you.
The crimson imp hits you but does no damage.
You are too injured to fight recklessly!
You hit the iguana but do no damage.
The iguana is almost dead.
The iguana bites you!
* * * LOW HITPOINT WARNING * * *
Natasha stares at you and mumbles some strange words.
You feel yourself slow down.
You hit the iguana.
You feel better.
You kill the iguana!
Natasha claws you!
You die...

## ###.# ### .#..# ##.## ....
#...# ... #...# ##.# ##
###...###h5#...#
####..#.....@5....#
##..#.....#.........#
#.....#...#.#....#...
#.......##.......# .
##..........#...... #..
##.#..........###.. . ..###
##########.##.....# #.....##...#
................... .....#.....
P..PPPP.._..PPPP..PPPP..........#


You could see Natasha and 2 crimson imps.

Vanquished Creatures
  Crazy Yiuf (D:2)
  A hound (D:3)
  An iguana (D:4)
  Robin (D:4)
  7 adders
  2 worms
  3 dart slugs (D:1)
  4 orcs
  7 ball pythons
  2 bats (D:2)
  2 endoplasms
  3 giant cockroaches
  12 goblins
  8 hobgoblins
  8 jackals
  2 kobolds
  6 quokkas
  A frilled lizard (D:1)
  4 rats
75 creatures vanquished.

Vanquished Creatures (others)
  An orc (D:4)
  A fungus (D:2)
2 creatures vanquished.

Grand Total: 77 creatures vanquished

Notes
Turn   | Place    | Note
-------+----------+-------------------------------------------
     0 | D:1      | Bnni the Vine Stalker Brigand began the quest for the Orb.
     0 | D:1      | Reached XP level 1. HP: 11/11 MP: 2/2
    87 | D:1      | Reached XP level 2. HP: 12/15 MP: 1/3
   940 | D:2      | Reached XP level 3. HP: 14/18 MP: 2/4
  1304 | D:2      | Gained mutation: Your natural rate of healing is unusually
                  | fast. [Vine Stalker growth]
  1304 | D:2      | Reached XP level 4. HP: 17/23 MP: 3/5
  1581 | D:2      | Found a runed translucent door.
  1582 | D:2      | Noticed Crazy Yiuf
  1589 | D:2      | Killed Crazy Yiuf
  1593 | D:2      | Identified the +8 hammer of the Shoals {vamp, +Blink Str+4}
  1904 | D:3      | Reached skill level 1 in Shields
  1904 | D:3      | Reached XP level 5. HP: 19/28 MP: 4/6
  2152 | D:3      | Found a shimmering altar of Xom.
  2262 | D:3      | Found a basalt altar of Yredelemnul.
  2262 | D:3      | Found a shadowy altar of Dithmenos.
  2560 | D:3      | Found a faded altar of an unknown god.
  2700 | D:4      | Noticed Robin
  2745 | D:4      | Killed Robin
  2814 | D:4      | Reached XP level 6. HP: 23/24 MP: 7/7
  2832 | D:4      | Found a shimmering blue altar of Sif Muna.
  2925 | D:4      | Found a burning altar of Makhleb.
  2961 | D:4      | Noticed Natasha
  2972 | D:4      | Slain by Natasha

Illustrated notes

Levels and vault maps discovered:
D:1:      heliophobic_arrival_ceremonial_halls, layout_basic, minivault_5
D:2:      layout_loops_cross, uniq_crazy_yiuf_cottage
D:3:      layout_basic, tgw_xom, nicolae_overflow_squiral, serial_glass,
          glass_columns_c, glass_columns_a, minmay_strange_pillars,
          due_unseen_surprise, basic_ecumenical_altar
D:4:      layout_cave_pools, lemuel_crystal_altar,
          mainiacjoe_overflow_boulevard, uniq_robin, uniq_natasha

Skill      XL: |  1  2  3  4  5 |
---------------+----------------+-----
Short Blades   | 2 3 4 |  4.3
Fighting       | 2 3 |  3.2
Shields        | 1 |  1.5
Throwing       | |  1.7
Dodging        | |  0.7
Stealth        | |  4.8

Action                   |  1- 3 |  4- 6 || total
-------------------------+-------+-------++-------
Melee: Dagger            |    78 |   153 ||   231
       Bite              |    21 |    46 ||    67
       Punch             |     3 |       ||     3
 Stab: Sleeping          |     4 |     8 ||    12
Armor: Robe              |     5 |     5 ||    10
       Chain mail        |     6 |       ||     6
       Ring mail         |     3 |       ||     3
       Plate armour      |       |    91 ||    91
Dodge: Dodged            |    31 |    29 ||    60
Block: Buckler           |       |    22 ||    22

Table legend: (Time is in decaauts)
 A = Elapsed time spent in this place.
 B = Non-inter-level travel time spent in this place.
 C = Inter-level travel time spent in this place.
 D = Time resting spent in this place.
 E = Time spent auto-exploring this place.
 F = Levels seen in this place.
 G = Mean time per level.
                   A        B        C        D        E       F      G
               +--------+--------+--------+--------+--------+-----+--------+
         Total |   2938 |   2751 |    187 |      0 |   2189 |   4 |  734.5 |
       Dungeon |   2938 |   2751 |    187 |      0 |   2189 |   4 |  734.5 |
               +--------+--------+--------+--------+--------+-----+--------+

Top non-repeatable levels by time:
     D:1: 913 daAuts
     D:2: 904 daAuts
     D:3: 796 daAuts
     D:4: 324 daAuts
